MWL (24 & UNDER)
BEMIDJI BENDERS @ ERIE JAXX
08/16/2026
 
TOP OF THE 1ST
Bemidji Benders batting - Pitching for Erie Jaxx : LHP Jerry Martin
Pitching: LHP Jerry Martin
Batting: LHB Jesús Raugel 0-0: Swinging Strike
0-1: Called Strike
0-2: Ball
1-2: Foul Ball, location: 2F
1-2: Strikes out swinging
Batting: SHB Dave Henley 0-0: Called Strike
0-1: Ball
1-1: Ball
2-1: Swinging Strike
2-2: Ball
3-2: Foul Ball, location: 2F
3-2: Foul Ball, location: 2F
3-2: SINGLE (Line Drive, 56D)
Batting: LHB Todd Anderson 0-0: Ball
1-0: Ball
2-0: Ball
3-0: Called Strike
3-1: Grounds into double play, 4-6-3 (Groundball, 4)
Top of the 1st over - 0 run(s), 1 hit(s), 0 error(s), 0 left on base; Bemidji 0 - Erie 0
BOTTOM OF THE 1ST
Erie Jaxx batting - Pitching for Bemidji Benders : LHP Justin Short
Pitching: LHP Justin Short
Batting: RHB Luis Fuentes 0-0: Ball
1-0: Called Strike
1-1: SINGLE (Line Drive, 34D)
Batting: RHB Alfredo Ramírez 0-0: Ball
1-0: Ball
2-0: Ball
3-0: Called Strike
3-1: Called Strike
3-2: Strikes out looking
Batting: RHB Bobby Murdock 0-0: Foul Ball, location: 2F
0-1: Ball
1-1: Swinging Strike
1-2: Grounds into double play, 1-6-3 (Groundball, 23)
Bottom of the 1st over - 0 run(s), 1 hit(s), 0 error(s), 0 left on base; Bemidji 0 - Erie 0
TOP OF THE 2ND
Bemidji Benders batting - Pitching for Erie Jaxx : LHP Jerry Martin
Batting: RHB Bob Carr 0-0: Called Strike
0-1: Ball
1-1: Ground out 6-3 (Groundball, 6)
Batting: RHB Roberto Solís 0-0: Ball
1-0: DOUBLE (Flyball, 7D)
Batting: LHB Raúl Morales 0-0: Ball
1-0: Reached on error, E6 (Groundball, 6M)
Roberto Solís to third
Batting: RHB Aaron Washington 0-0: Ball
1-0: Called Strike
1-1: Called Strike
1-2: Foul Ball, location: 2F
1-2: Ball
2-2: Foul Ball, location: 2F
2-2: Foul Ball, location: 2F
2-2: SINGLE (Line Drive, 7S)
Roberto Solís scores
Raúl Morales to second
Batting: LHB Carlos De La Rosa 0-0: Called Strike
0-1: Fly out, F8 (Flyball, 8LXD)
Runner from 2nd tags up, SAFE at 3rd, no throw
Batting: LHB Bruce Foster 0-0: Called Strike
0-1: Ball
1-1: Swinging Strike
1-2: Strikes out swinging
Top of the 2nd over - 1 run(s), 2 hit(s), 1 error(s), 2 left on base; Bemidji 1 - Erie 0
BOTTOM OF THE 2ND
Erie Jaxx batting - Pitching for Bemidji Benders : LHP Justin Short
Batting: RHB Ken Longoria 0-0: Called Strike
0-1: Swinging Strike
0-2: Ball
1-2: Ball
2-2: Ball
3-2: Strikes out swinging
Batting: LHB Josh Pérez 0-0: Ball
1-0: Ball
2-0: Ball
3-0: Called Strike
3-1: Foul Ball, location: 2F
3-2: Fly out, F3 (Popup, 4S)
Batting: RHB Steve Clifton 0-0: Called Strike
0-1: Ball
1-1: Foul Ball, location: 2F
1-2: Strikes out swinging
Bottom of the 2nd over - 0 run(s), 0 hit(s), 0 error(s), 0 left on base; Bemidji 1 - Erie 0
TOP OF THE 3RD
Bemidji Benders batting - Pitching for Erie Jaxx : LHP Jerry Martin
Batting: LHB Jesús Raugel 0-0: Called Strike
0-1: Foul Ball, location: 2F
0-2: Ball
1-2: Foul Ball, location: 2F
1-2: Strikes out swinging
Batting: SHB Dave Henley 0-0: TRIPLE (Line Drive, 9LM)
Batting: LHB Todd Anderson 0-0: Fly out, F8 (Flyball, 8LM)
Runner from 3rd tags up, SCORES, no throw
Batting: RHB Bob Carr 0-0: Called Strike
0-1: Foul Ball, location: 2F
0-2: Strikes out swinging
Top of the 3rd over - 1 run(s), 1 hit(s), 0 error(s), 0 left on base; Bemidji 2 - Erie 0
BOTTOM OF THE 3RD
Erie Jaxx batting - Pitching for Bemidji Benders : LHP Justin Short
Batting: RHB Jerry Moore 0-0: Called Strike
0-1: Called Strike
0-2: Ground out 5-3 (Groundball, 56)
Batting: RHB Júlio Hernández 0-0: Foul Ball, location: 2F
0-1: Ball
1-1: Foul Ball, location: 2F
1-2: Foul Ball, location: 2F
1-2: Foul Ball, location: 2F
1-2: Foul Ball, location: 2F
1-2: Foul Ball, location: 2F
1-2: Ball
2-2: Strikes out swinging
Batting: RHB Cristián Cauozos 0-0: Fly out, F9 (Flyball, 9LM)
Bottom of the 3rd over - 0 run(s), 0 hit(s), 0 error(s), 0 left on base; Bemidji 2 - Erie 0
TOP OF THE 4TH
Bemidji Benders batting - Pitching for Erie Jaxx : LHP Jerry Martin
Batting: RHB Roberto Solís 0-0: Ball
1-0: DOUBLE (Groundball, 5L)
Batting: LHB Raúl Morales 0-0: Ball
1-0: Called Strike
1-1: Called Strike
1-2: Strikes out swinging
Batting: RHB Aaron Washington 0-0: SINGLE (Groundball, 56)
Roberto Solís to third
Runner from 3rd tries for Home, SAFE, throw made home
Batting: LHB Carlos De La Rosa 0-0: Ball
1-0: Ball
2-0: Foul Ball, location: 2F
2-1: Fielders Choice at 2nd, 1-6 (Groundball, 15)
Batting: LHB Bruce Foster 0-0: Ball
1-0: Called Strike
1-1: Ball
2-1: Fly out, F7 (Flyball, 7LS)
Top of the 4th over - 1 run(s), 2 hit(s), 0 error(s), 1 left on base; Bemidji 3 - Erie 0
BOTTOM OF THE 4TH
Erie Jaxx batting - Pitching for Bemidji Benders : LHP Justin Short
Batting: RHB Luis Fuentes 0-0: Ball
1-0: Ball
2-0: Fly out, F9 (Flyball, 9S)
Batting: RHB Alfredo Ramírez 0-0: Called Strike
0-1: Ball
1-1: Ball
2-1: Foul Ball, location: 2F
2-2: Strikes out swinging
Batting: RHB Bobby Murdock 0-0: Ball
1-0: Called Strike
1-1: Foul Ball, location: 2F
1-2: Strikes out swinging
Bottom of the 4th over - 0 run(s), 0 hit(s), 0 error(s), 0 left on base; Bemidji 3 - Erie 0
TOP OF THE 5TH
Bemidji Benders batting - Pitching for Erie Jaxx : LHP Jerry Martin
Batting: LHB Jesús Raugel 0-0: Ball
1-0: Foul Ball, location: 2F
1-1: Ball
2-1: Fly out, F7 (Flyball, 78S)
Batting: SHB Dave Henley 0-0: Ball
1-0: Foul Ball, location: 2F
1-1: Swinging Strike
1-2: Ground out 5-3 (Groundball, 56S)
Batting: LHB Todd Anderson 0-0: Ball
1-0: SOLO HOME RUN (Flyball, 9LD), Distance : 339 ft
Batting: RHB Bob Carr 0-0: Hit by Pitch
Pitching: RHP Javier Bustamante
Pinch Runner at 1st Conan Hanson:
Batting: RHB Roberto Solís 0-0: Swinging Strike
0-1: Called Strike
0-2: Strikes out swinging
Top of the 5th over - 1 run(s), 1 hit(s), 0 error(s), 1 left on base; Bemidji 4 - Erie 0
BOTTOM OF THE 5TH
Erie Jaxx batting - Pitching for Bemidji Benders : LHP Justin Short
Now at SS: Conan Hanson
Batting: RHB Ken Longoria 0-0: Ball
1-0: Swinging Strike
1-1: Fly out, F7 (Flyball, 78M)
Batting: LHB Josh Pérez 0-0: Called Strike
0-1: Ball
1-1: Swinging Strike
1-2: Ball
2-2: Foul Ball, location: 2F
2-2: Ball
3-2: Foul Ball, location: 2F
3-2: Foul Ball, location: 2F
3-2: Foul Ball, location: 2F
3-2: Ground out 4-3 (Groundball, 4M)
Batting: RHB Steve Clifton 0-0: Ball
1-0: Foul Ball, location: 2F
1-1: Foul Ball, location: 2F
1-2: Foul Ball, location: 2F
1-2: Ball
2-2: Ball
3-2: DOUBLE (Line Drive, 7LM)
Batting: RHB Jerry Moore 0-0: Foul Ball, location: 2F
0-1: Ground out 4-3 (Groundball, 4)
Bottom of the 5th over - 0 run(s), 1 hit(s), 0 error(s), 1 left on base; Bemidji 4 - Erie 0
TOP OF THE 6TH
Bemidji Benders batting - Pitching for Erie Jaxx : RHP Javier Bustamante
Batting: LHB Raúl Morales 0-0: Ball
1-0: SINGLE (Groundball, 56D)
Batting: RHB Aaron Washington 0-0: Ball
1-0: Ball
2-0: Ball
3-0: Called Strike
3-1: Base on Balls
Raúl Morales to second
Batting: LHB Carlos De La Rosa 0-0: Ball
1-0: 3-RUN HOME RUN (Flyball, 8RXD), Distance : 438 ft
Pitching: LHP Alfredo García
Batting: LHB Bruce Foster 0-0: Called Strike
0-1: Called Strike
0-2: Ball
1-2: Strikes out swinging
Batting: LHB Jesús Raugel 0-0: Ball
1-0: Called Strike
1-1: Ground out 4-3 (Groundball, 4)
Batting: SHB Dave Henley 0-0: SINGLE (Groundball, 34D)
Batting: LHB Todd Anderson 0-0: Ball
1-0: Ball
2-0: Ball
3-0: Called Strike
3-1: Base on Balls
Dave Henley to second
Batting: SHB Conan Hanson 0-0: Called Strike
0-1: Ball
1-1: Foul Ball, location: 2F
1-2: Strikes out swinging
Top of the 6th over - 3 run(s), 3 hit(s), 0 error(s), 2 left on base; Bemidji 7 - Erie 0
BOTTOM OF THE 6TH
Erie Jaxx batting - Pitching for Bemidji Benders : LHP Justin Short
Batting: RHB Júlio Hernández 0-0: Called Strike
0-1: Ball
1-1: Ball
2-1: Foul Ball, location: 2F
2-2: Fly out, F7 (Flyball, 7S)
Batting: RHB Cristián Cauozos 0-0: Ball
1-0: Foul Ball, location: 2F
1-1: Foul Ball, location: 2F
1-2: Strikes out looking
Batting: RHB Luis Fuentes 0-0: Fly out, F8 (Flyball, 8RS)
Bottom of the 6th over - 0 run(s), 0 hit(s), 0 error(s), 0 left on base; Bemidji 7 - Erie 0
TOP OF THE 7TH
Bemidji Benders batting - Pitching for Erie Jaxx : LHP Alfredo García
Batting: RHB Roberto Solís 0-0: Called Strike
0-1: Swinging Strike
0-2: Foul Ball, location: 2F
0-2: Ball
1-2: Strikes out swinging
Batting: LHB Raúl Morales 0-0: Called Strike
0-1: Foul Ball, location: 2F
0-2: Strikes out swinging
Batting: RHB Aaron Washington 0-0: Ball
1-0: Ball
2-0: Called Strike
2-1: Ball
3-1: Base on Balls
Batting: LHB Carlos De La Rosa 0-0: SINGLE (Groundball, 5D)
Aaron Washington to second
Batting: LHB Bruce Foster 0-0: Ball
1-0: SINGLE (Line Drive, 78M)
Aaron Washington to third
Carlos De La Rosa to second
Runner from 3rd tries for Home, throw and OUT!
Top of the 7th over - 0 run(s), 2 hit(s), 0 error(s), 2 left on base; Bemidji 7 - Erie 0
BOTTOM OF THE 7TH
Erie Jaxx batting - Pitching for Bemidji Benders : LHP Justin Short
Pitching: LHP Carlos Corona
Batting: RHB Alfredo Ramírez 0-0: Ball
1-0: Foul Ball, location: 2F
1-1: Ball
2-1: SINGLE (Line Drive, 6D)
Batting: RHB Bobby Murdock Balk!
Alfredo Ramírez to second
0-0: SINGLE (Groundball, 4D)
Alfredo Ramírez to third
Runner from 3rd tries for Home, SAFE, throw made home
Batting: RHB Ken Longoria 0-0: Ball
1-0: Foul Ball, location: 2F
1-1: Fly out, F4 (Line Drive, 4MD)
Batting: LHB Josh Pérez 0-0: Called Strike
0-1: Foul Ball, location: 2F
0-2: Strikes out swinging
Batting: RHB Steve Clifton 0-0: Ball
1-0: Swinging Strike
1-1: Ball
2-1: Fielders Choice at 2nd, U4 (Groundball, 4M)
Bottom of the 7th over - 1 run(s), 2 hit(s), 0 error(s), 1 left on base; Bemidji 7 - Erie 1
TOP OF THE 8TH
Bemidji Benders batting - Pitching for Erie Jaxx : LHP Alfredo García
Batting: LHB Jesús Raugel 0-0: Called Strike
0-1: Swinging Strike
0-2: Ball
1-2: Strikes out swinging
Pitching: RHP Carlos Olmedo
Batting: SHB Dave Henley 0-0: Called Strike
0-1: Ball
1-1: Foul Ball, location: 2F
1-2: Ball
2-2: Strikes out swinging
Batting: LHB Todd Anderson 0-0: Ball
1-0: Called Strike
1-1: Ball
2-1: Foul Ball, location: 2F
2-2: Strikes out looking
Top of the 8th over - 0 run(s), 0 hit(s), 0 error(s), 0 left on base; Bemidji 7 - Erie 1
BOTTOM OF THE 8TH
Erie Jaxx batting - Pitching for Bemidji Benders : LHP Carlos Corona
Now in RF: Simão Polido
Batting: RHB Jerry Moore 0-0: Ball
1-0: Called Strike
1-1: Foul Ball, location: 2F
1-2: SOLO HOME RUN (Line Drive, 7D), Distance : 360 ft
Batting: RHB Júlio Hernández 0-0: Ball
1-0: Ground out 6-3 (Groundball, 6)
Batting: RHB Cristián Cauozos 0-0: Fly out, F7 (Flyball, 7LM)
Batting: RHB Luis Fuentes 0-0: Fly out, F8 (Flyball, 8LM)
Bottom of the 8th over - 1 run(s), 1 hit(s), 0 error(s), 0 left on base; Bemidji 7 - Erie 2
TOP OF THE 9TH
Bemidji Benders batting - Pitching for Erie Jaxx : RHP Carlos Olmedo
Batting: SHB Conan Hanson 0-0: Ball
1-0: Foul Ball, location: 2F
1-1: Foul Ball, location: 2F
1-2: Ball
2-2: Foul Ball, location: 2F
2-2: Strikes out swinging
Batting: RHB Roberto Solís 0-0: Ball
1-0: SOLO HOME RUN (Flyball, 8LXD), Distance : 437 ft
Batting: LHB Raúl Morales 0-0: Called Strike
0-1: SOLO HOME RUN (Flyball, 9D), Distance : 361 ft
Batting: RHB Aaron Washington 0-0: Ball
1-0: Fly out, F9 (Flyball, 9M)
Batting: LHB Carlos De La Rosa 0-0: Swinging Strike
0-1: Foul Ball, location: 2F
0-2: Foul Ball, location: 2F
0-2: Ball
1-2: Foul Ball, location: 2F
1-2: Foul Ball, location: 2F
1-2: Ball
2-2: Ball
3-2: Strikes out swinging
Top of the 9th over - 2 run(s), 2 hit(s), 0 error(s), 0 left on base; Bemidji 9 - Erie 2
BOTTOM OF THE 9TH
Erie Jaxx batting - Pitching for Bemidji Benders : LHP Carlos Corona
Batting: RHB Alfredo Ramírez 0-0: Foul Ball, location: 2F
0-1: Called Strike
0-2: Ball
1-2: Ball
2-2: Strikes out swinging
Batting: RHB Bobby Murdock 0-0: Called Strike
0-1: Ball
1-1: Ball
2-1: Foul Ball, location: 2F
2-2: Ball
3-2: Base on Balls
Pinch Hitting: LHB Milton Watson 0-0: Ball
1-0: Called Strike
1-1: Foul Ball, location: 2F
1-2: Strikes out swinging
Batting: LHB Josh Pérez 0-0: Called Strike
0-1: Fly out, F4 (Popup, 8LS)
Bottom of the 9th over - 0 run(s), 0 hit(s), 0 error(s), 1 left on base; Bemidji 9 - Erie 2
Monday, December 5th, 2016 - OOTP Baseball 17.12 Build 75